 Dungeon Crawl Stone Soup version 0.31-a0-986-g5e6e4ef867 (webtiles) character file.

Game seed: 16175167771242648806

48 wildpjah the Grasshopper (level 3, -1/31 HPs)
             Began as a Gnoll Warper on Nov 20, 2023.
             Slain by a gnoll
             ... wielding a +0 spear
              (8 damage)
             ... on level 2 of the Dungeon.
             The game lasted 00:01:06 (734 turns).

wildpjah the Grasshopper (Gnoll Warper)              Turns: 734, Time: 00:01:07

Health: -1/31      AC:  4    Str: 10    XL:     3   Next: 72%
Magic:  9/9        EV: 13    Int: 12    God:
Gold:   29         SH:  0    Dex: 13    Spells: 12/12 levels left

rFire   . . .        g - +0 dagger (venom)
rCold   . . .        (no shield)
rNeg    . . .        b - +0 leather armour
rPois   .            (no helmet)
rElec   .            (no cloak)
rCorr   .            k - +0 pair of gloves
SInv    .            (no boots)
Will    .....        (no amulet)
Stlth   +            (no ring)
HPRegen 0.25/turn    (no ring)
MPRegen 0.11/turn

%: no passive effects
@: no status effects
A: fangs 1, strong nose, distributed training
a: no special abilities


You were on level 2 of the Dungeon.
You visited 1 branch of the dungeon, and saw 2 of its levels.

You collected 29 gold pieces.

Inventory:

Hand Weapons
 a - a +0 hand axe
 g - a +0 dagger of venom (weapon)
Missiles
 d - 7 darts of dispersal (quivered)
 e - 6 poisoned darts
Armour
 b - a +0 leather armour (worn)
 k - a +0 pair of gloves (worn)
 n - a +2 robe of fire resistance
Scrolls
 c - a scroll of blinking
 f - 2 scrolls of identify {unknown}
 m - a scroll of immolation {unknown}
Potions
 h - a potion of enlightenment {unknown}
 i - 2 potions of might {unknown}
 j - a potion of attraction {unknown}
 l - a potion of curing {unknown}


   Skills:
 + Level 4.6 Fighting
 + Level 1.0 Short Blades
 + Level 1.0 Long Blades
 + Level 4.6 Axes
 + Level 1.0 Maces & Flails
 + Level 1.0 Polearms
 + Level 1.0 Staves
 + Level 1.0 Ranged Weapons
 + Level 2.6 Throwing
 + Level 2.6 Armour
 + Level 4.6 Dodging
 + Level 1.0 Stealth
 + Level 1.0 Shields
 + Level 1.0 Unarmed Combat
 + Level 5.0 Spellcasting
 + Level 0.7 Conjurations
 + Level 0.7 Hexes
 + Level 0.7 Summonings
 + Level 0.7 Necromancy
 + Level 5.4 Translocations
 + Level 0.7 Transmutations
 + Level 0.7 Fire Magic
 + Level 0.7 Ice Magic
 + Level 0.7 Air Magic
 + Level 0.7 Earth Magic
 + Level 0.7 Poison Magic
 + Level 1.0 Invocations
 + Level 1.0 Evocations
 + Level 0.8 Shapeshifting


You had 12 spell levels left.
You didn't know any spells.
Your spell library contained the following spells:

 Spells                   Type           Power      Damage    Failure   Level
 Blink                    Tloc           32%        N/A       4%          2
 Lesser Beckoning         Tloc           32%        N/A       4%          2
 Teleport Other           Tloc           16%        N/A       9%          3
 Manifold Assault         Tloc           16%        N/A       28%         4
 Vhi's Electric Charge    Tloc/Air       20%        N/A       58%         4
 Anguish                  Hex/Necr       2%         N/A       89%         4
 Cause Fear               Hex            2%         N/A       89%         4
 Enfeeble                 Hex            2%         N/A       100%        7


Dungeon Overview and Level Annotations

Branches:
Dungeon (2/15)

Altars:


Innate Abilities, Weirdness & Mutations

You have very sharp teeth.
Your uncanny sense of smell can sniff out nearby items.
Your experience applies equally to all skills.


Message History

Your Ranged Weapons skill increases to level 1!
Your Stealth skill increases to level 1!
Your Shields skill increases to level 1!
Your Unarmed Combat skill increases to level 1!
Your Evocations skill increases to level 1!
You closely miss the kobold. Your bite misses the kobold.
The kobold hits you but does no damage.
You barely miss the kobold. The kobold hits you with a +0 club.
You hit the kobold but do no damage.
The kobold is poisoned.
The kobold closely misses you.
You barely miss the kobold. You bite the kobold, but do no damage.
The kobold is severely wounded.
You kill the kobold!
Things that are here:
a +0 club; a +0 club; a kobold corpse HP restored.
i - 2 red potions (gained 1)
You see here a +0 club.
You pick up a book of Hexes and begin reading...
You add the spells Anguish, Cause Fear and Enfeeble to your library.
A gnoll comes into view. It is wielding a +0 spear.
The gnoll shouts!
You hear a shout!
A gnoll comes into view. It is wielding a +0 whip. x2
A dart slug comes into view.
The gnoll hits you from afar with a +0 spear.
Found 10 gold pieces.
Found a stone staircase leading down.
The gnoll shouts!
You hit the gnoll but do no damage. Your bite misses the gnoll.
The gnoll hits you with a +0 spear.
The gnoll hits you from afar with a +0 spear.
The gnoll hits you from afar with a +0 spear.
The gnoll attacks as it pursues you! The gnoll barely misses you.
The gnoll attacks as it pursues you! The gnoll completely misses you.
The gnoll attacks as it pursues you!
The gnoll hits you from afar with a +0 spear!
* * * LOW HITPOINT WARNING * * *
You closely miss the gnoll. The gnoll hits you with a +0 whip.
* * * LOW HITPOINT WARNING * * *
The gnoll hits you from afar with a +0 spear!
You die...

#.#.....)..############
#.#.#######....#
######.#.# #....#
#........# #....#
....#...### #....# ##
##..# ##....## #..#
#......# .... #......#
..... #@####.# #.....
###g# ..# #......
##.g.# .# #w.### #
#..## ...... #...##$>
...## #.. #..# ###


You could see 2 gnolls.

Vanquished Creatures
  2 gnolls (D:1)
  A dart slug (D:1)
  4 ball pythons (D:1)
  A bat (D:1)
  2 endoplasms
  A giant cockroach (D:1)
  4 goblins
  5 hobgoblins
  2 kobolds
  A frilled lizard (D:1)
  A rat (D:1)
24 creatures vanquished.

Notes
Turn   | Place    | Note
-------+----------+-------------------------------------------
     0 | D:1      | wildpjah the Gnoll Warper began the quest for the Orb.
     0 | D:1      | Reached XP level 1. HP: 20/20 MP: 6/6
    95 | D:1      | Reached XP level 2. HP: 12/26 MP: 7/7
   370 | D:1      | Reached XP level 3. HP: 25/31 MP: 9/9
   377 | D:1      | Reached skill level 5 in Spellcasting
   405 | D:1      | Reached skill level 1 in Invocations
   618 | D:2      | Reached skill level 1 in Short Blades
   618 | D:2      | Reached skill level 1 in Long Blades
   618 | D:2      | Reached skill level 1 in Maces & Flails
   618 | D:2      | Reached skill level 1 in Polearms
   618 | D:2      | Reached skill level 1 in Staves
   618 | D:2      | Reached skill level 1 in Ranged Weapons
   618 | D:2      | Reached skill level 1 in Stealth
   618 | D:2      | Reached skill level 1 in Shields
   618 | D:2      | Reached skill level 1 in Unarmed Combat
   618 | D:2      | Reached skill level 1 in Evocations
   734 | D:2      | Slain by a gnoll

Illustrated notes

Levels and vault maps discovered:
D:1:      minmay_arrival_glassed_features, layout_rooms, serial_glass,
          glass_columns_b, glass_columns_b, glass_columns_a, glass_columns_a,
          glass_columns_a, glass_columns_b, glass_columns_a, glass_columns_a
D:2:      layout_rooms, grunt_ministairs_2

Skill      XL: |  1  2  3 |
---------------+----------+-----
Spellcasting   | 5 |  5.0
Invocations    | 1 |  1.0
Short Blades   | 1 |  1.0
Long Blades    | 1 |  1.0
Maces & Flails | 1 |  1.0
Polearms       | 1 |  1.0
Staves         | 1 |  1.0
Ranged Weapons | 1 |  1.0
Stealth        | 1 |  1.0
Shields        | 1 |  1.0
Unarmed Combat | 1 |  1.0
Evocations     | 1 |  1.0
Fighting       | |  4.6
Axes           | |  4.6
Throwing       | |  2.6
Armour         | |  2.6
Dodging        | |  4.6
Conjurations   | |  0.7
Hexes          | |  0.7
Summonings     | |  0.7
Necromancy     | |  0.7
Translocations | |  5.4
Transmutations | |  0.7
Fire Magic     | |  0.7
Ice Magic      | |  0.7
Air Magic      | |  0.7
Earth Magic    | |  0.7
Poison Magic   | |  0.7
Shapeshifting  | |  0.8

Action                     || total
---------------------------++-------
  Melee: Dagger            ||    86
         Bite              ||     7
         Punch             ||     1
 Armour: Leather armour    ||    55
  Dodge: Dodged            ||    51

Table legend: (Time is in decaauts)
 A = Elapsed time spent in this place.
 B = Non-inter-level travel time spent in this place.
 C = Inter-level travel time spent in this place.
 D = Time resting spent in this place.
 E = Time spent auto-exploring this place.
 F = Levels seen in this place.
 G = Mean time per level.
                   A        B        C        D        E       F      G
               +--------+--------+--------+--------+--------+-----+--------+
         Total |    730 |    704 |     26 |      0 |    529 |   2 |  365.0 |
       Dungeon |    730 |    704 |     26 |      0 |    529 |   2 |  365.0 |
               +--------+--------+--------+--------+--------+-----+--------+

Top non-repeatable levels by time:
     D:1: 568 daAuts
     D:2: 162 daAuts
